 Dungeon Crawl Stone Soup version 0.29.1-15-g9cfb28693d (webtiles) character file.

Game seed: 4316457502816346893

33 Peloso the Trooper (level 3, 30/30 (33) HPs)
             Began as a Minotaur Fighter on Mar 6, 2023.
             Got out of the dungeon alive.
             The game lasted 00:02:41 (944 turns).

Peloso the Trooper (Minotaur Fighter)                Turns: 944, Time: 00:02:41

HP:   30/30 (33)    AC:  9    Str: 19    XL:     3   Next: 12%
MP:   1/1           EV:  9    Int:  9    God:
Gold: 46            SH:  4    Dex: 10    Spells: 2/2 levels left

rFire   . . .      SeeInvis .   a - +0 long sword
rCold   . . .      Faith    .   d - +0 buckler
rNeg    . . .      Spirit   .   b - +0 scale mail
rPois   .          Reflect  .   (helmet restricted)
rElec   .          Harm     .   (no cloak)
rCorr   .          Rampage  .   (no gloves)
Will    .....                   c - +1 pair of boots
Stlth   ..........              (no amulet)
HPRegen 0.10/turn               (no ring)
MPRegen 0.07/turn               (no ring)

@: brilliant, drained
A: horns 2, retaliatory headbutt, hooves 1, clever 1, low MP 2
a: no special abilities


You escaped.
You visited 1 branch of the dungeon, and saw 1 of its levels.

You collected 46 gold pieces.

Inventory:

Hand Weapons
 a - a +0 long sword (weapon)
Armour
 b - a +0 scale mail (worn)
 c - a +1 pair of boots (worn)
 d - a +0 buckler (worn)
Jewellery
 o - a ring of poison resistance
Scrolls
 e - a scroll of immolation
Potions
 g - a potion of might
 m - a potion of heal wounds {unknown}


   Skills:
 + Level 4.3 Fighting
 + Level 2.6 Long Blades
 + Level 4.0 Armour
 + Level 0.8 Dodging
 + Level 4.0 Shields


You had 2 spell levels left.
You didn't know any spells.
Your spell library contained the following spells:

 Spells                   Type           Power      Damage    Failure   Level
 Iskenderun's Battlesphe  Conj           0%         2d6       100%        5
 Iron Shot                Conj/Erth      0%         9d1       100%        6
 Spellforged Servitor     Conj/Summ      0%         N/A       100%        7


Dungeon Overview and Level Annotations

Branches:
Dungeon (1/15)

Altars:


Innate Abilities, Weirdness & Mutations

You have a pair of horns on your head.
You reflexively headbutt those who attack you in melee.
You have large cloven feet.
Your mind is acute. (Int +4, Str/Dex -1)
Your magical capacity is very low. (-20% MP)


Message History

It is a scroll of enchant armour.
Your +0 pair of boots glows green for a moment.
As you read the scroll labelled MESOYQIO WUKUGIWK, it crumbles to dust.
You feel momentarily disoriented.
It was a scroll of magic mapping.
Blink to where?
Press: ? - help, Dir - move target
As you read the scroll labelled EGASI EPPIZ, it crumbles to dust.
It was a scroll of blinking.
As you read the scroll labelled UZUCVA YRAGUENO, it crumbles to dust.
You hear a loud clanging noise!
It was a scroll of noise.
It was a potion of attraction.
You feel attractive to monsters.
It was a potion of brilliance.
You feel clever all of a sudden.
You drop a potion of attraction.
It was a potion of mutation.
You feel extremely strange.
You feel a hidden potential growing inside you.
You feel resistant to cold.
Done exploring.
Done exploring.
Really quaff the potion of mutation?
You feel extremely strange.
You no longer feel cold resistant.
You no longer feel a hidden potential within.
You feel less energetic. x2; Your feet thicken and deform.
You feel clever.
(D) Dungeon
Where to? (? - help)
What level of the Dungeon? (default 1, ? - help)
You see here a hobgoblin skeleton.
You feel less attractive to monsters.
You see here a +0 dagger.
As you open the door, it creaks loudly!
There is an open door here.
You see here a stone.
There is a staircase leading out of the dungeon here.
Are you sure you want to leave the Dungeon?
This will make you lose the game! [Y]es or [N]o only, please.
Are you sure you want to leave the Dungeon?
This will make you lose the game!
You have escaped!

#.#############..###
#####.########## ##...##
#..............# ###..#
#..............# ##.#
#..######+###..# #.#
#####..#........#..# #..
#......#........#..# ##..
#.###..#.....(..'..# #... #.#
#..#....@...#..#######.#. #.#
#..+........#..##...##.## #.#
#..#........#.....#.##.## #.#
#..#........#..##...#..## #.#
#..###'######..###.)..###
#.###...........[..# #....###
##..##..............###.......
##...###########.######..##.###
#....####### ###)#########.....


There were no monsters in sight!

Vanquished Creatures
  A dart slug (D:1)
  2 ball pythons (D:1)
  A giant cockroach (D:1)
  4 hobgoblins (D:1)
  3 kobolds (D:1)
  3 quokkas (D:1)
  8 bats (D:1)
  2 frilled lizards (D:1)
  4 goblins (D:1)
  A rat (D:1)
29 creatures vanquished.

Notes
Turn   | Place    | Note
-------+----------+-------------------------------------------
     0 | D:1      | Peloso the Minotaur Fighter began the quest for the Orb.
     0 | D:1      | Reached XP level 1. HP: 19/19 MP: 0/0
   223 | D:1      | Reached XP level 2. HP: 27/27 MP: 1/1
   602 | D:1      | Reached XP level 3. HP: 22/30 MP: 2/2
   902 | D:1      | Gained mutation: You have hidden genetic potential. [potion
                  | of mutation]
   902 | D:1      | Gained mutation: Your flesh is cold resistant. (rC+)
                  | [potion of mutation]
   910 | D:1      | Lost mutation: Your flesh is cold resistant. (rC+) [potion
                  | of mutation]
   910 | D:1      | Lost mutation: You have hidden genetic potential. [potion
                  | of mutation]
   910 | D:1      | Gained mutation: Your magical capacity is low. (-10% MP)
                  | [potion of mutation]
   910 | D:1      | Gained mutation: Your magical capacity is very low. (-20%
                  | MP) [potion of mutation]
   910 | D:1      | Gained mutation: You have large cloven feet. [potion of
                  | mutation]
   910 | D:1      | Gained mutation: Your mind is acute. (Int +4, Str/Dex -1)
                  | [potion of mutation]
   944 | D:$      | Got out of the dungeon alive.

Illustrated notes

Levels and vault maps discovered:
D:1:      lemuel_arrival_room, layout_rooms

Skill      XL: |  1  2  3 |
---------------+----------+-----
Fighting       | 4 |  4.3
Shields        | 4 |  4.0
Armour         | 4 |  4.0
Long Blades    | |  2.6
Dodging        | |  0.8

Action                   || total
-------------------------++-------
Melee: Long sword        ||    59
       Headbutt          ||     9
  Use: Scroll            ||     5
       Potion            ||     4
Armor: Scale mail        ||    56
Dodge: Dodged            ||    49
Block: Buckler           ||    23
